 Dungeon Crawl Stone Soup version 0.32-a0-616-g9348d4545b (webtiles) character file.

Game seed: 7345445494214873559

881940 gimp the Intangible (level 27, -19/273 HPs)
             Began as a Pale Draconian Shapeshifter on Mar 5, 2024.
             Was an Elder of Uskayaw.
             Killed from afar by an iron giant (47 damage)
             ... with an iron shot
             ... on level 3 of the Iron City of Dis on Mar 6, 2024.
             The game lasted 03:16:41 (79504 turns).

gimp the Intangible (Pale Draconian Shapeshifter)  Turns: 79504, Time: 03:16:41

Health: -19/273    AC: -3    Str: 24 (27) XL:     27
Magic:  2/34       EV: 49    Int:  7      God:    Uskayaw [****..]
Gold:   10583      SH:  0    Dex: 35      Spells: 26/26 levels left

rFire   + +          +
                       - Unarmed
rCold   + + +        (no shield)
rNeg    + + +        (body armour unavailable)
rPois   ∞            X - +1 hat of Fae Happiness {rN++ Will+ Regen+ Int-5}
rElec   +            m - +2 cloak {rCorr}
rCorr   +            s - +0 pair of gloves of Satisfaction {+Inv rElec Regen+ Int+2}
SInv    +            o - +0 pair of boots "Qiutunkom" {rC+ Str+4 Stlth-}
Will    ++++.        L - amulet of Wiwk {Faith rF+ SInv Stlth-}
Stlth   ++           p - ring "Tisoag" {rF+ rC+ Str+6}
HPRegen 2.25/turn    t - ring "Qucavaf" {rElec rF+ rN+ Dex+6 SInv}
MPRegen 0.24/turn

%: faith
@: about to teleport, death-form, corroded, on siphon cooldown, studying Shields
A: vile attack, torment immunity, no potions, (steam breath), AC +13, unfitting
armour, cold-blooded, steam resistance, fangs 1, thin skeletal structure 1,
agile 1, low MP 1
}: 9/15 runes: decaying, slimy, silver, demonic, glowing, magical, fiery, dark,
gossamer
a: Siphon Essence, Begin Untransformation, Renounce Religion, Evoke
Invisibility, Stomp, Line Pass


You were on level 3 of the Iron City of Dis.
You worshipped Uskayaw.
Uskayaw was greatly pleased with you.
You were an undying horror.
You visited 14 branches of the dungeon, and saw 60 of its levels.
You visited Pandemonium 2 times, and saw 15 of its levels.
You also visited: Trove, Bailey, Gauntlet, Ice Cave and Volcano.

You collected 11610 gold pieces.
You spent 1027 gold pieces at shops.

Inventory:

Missiles
 B - 7 curare-tipped darts
Armour
 m - a +2 cloak of preservation (worn)
 o - the +0 pair of boots "Qiutunkom" (worn) {rC+ Str+4 Stlth-}
   (You found it in a treasure trove)

   Str+4:     It affects your strength (+4).
   rC+:       It protects you from cold.
   Stlth-:    It makes you less stealthy.
 s - the +0 pair of gloves of Satisfaction (worn) {+Inv rElec Regen+ Int+2}
   (You found it in Pandemonium)

   Int+2:     It affects your intelligence (+2).
   rElec:     It insulates you from electricity.
   +Inv:      It lets you turn invisible.
   Regen+:    It increases your rate of health regeneration.
 v - a +2 pair of boots of flying
 T - a +2 pair of gloves of strength
 X - the +1 hat of Fae Happiness (worn) {rN++ Will+ Regen+ Int-5}
   (You found it on level 2 of the Depths)

   Int-5:     It affects your intelligence (-5).
   rN++:      It greatly protects you from negative energy.
   Will+:     It increases your willpower.
   Regen+:    It increases your rate of health regeneration.
Jewellery
 a - the ring "Qoopokaes" {Ice rElec rCorr Int+2}
   (You found it on level 3 of the Realm of Zot)

   [ring of ice]

   Ice:       It enhances your ice magic.
   Int+2:     It affects your intelligence (+2).
   rF-:       It makes you vulnerable to fire.
   rC+:       It protects you from cold.
   rElec:     It insulates you from electricity.
   rCorr:     It protects you from acid and corrosion.
 d - the ring "Fimauxem" {Fly MP+9 SInv}
   (You found it on level 4 of the Depths)

   [ring of see invisible]

   MP+9:      It affects your magic capacity (+9).
   SInv:      It lets you see invisible.
   Fly:       It grants you flight.
 p - the ring "Tisoag" (left hand) {rF+ rC+ Str+6}
   (You found it in a treasure trove)

   [ring of strength]

   Str+6:     It affects your strength (+6).
   rF+:       It protects you from fire.
   rC+:       It protects you from cold.
 r - the ring "Qyihyelie" {rF++ Dex+6}
   (You found it in a treasure trove)

   [ring of dexterity]

   Dex+6:     It affects your dexterity (+6).
   rF++:      It greatly protects you from fire.
 t - the ring "Qucavaf" (right hand) {rElec rF+ rN+ Dex+6 SInv}
   (You found it in a treasure trove)

   [ring of dexterity]

   Dex+6:     It affects your dexterity (+6).
   rF+:       It protects you from fire.
   rElec:     It insulates you from electricity.
   rN+:       It protects you from negative energy.
   SInv:      It lets you see invisible.
 K - the ring of Moderation {rC+ Will+ Int+4}
   (You found it on level 4 of the Swamp)

   [ring of willpower]

   Int+4:     It affects your intelligence (+4).
   rC+:       It protects you from cold.
   Will+:     It increases your willpower.
 L - the amulet of Wiwk (around neck) {Faith rF+ SInv Stlth-}
   (You found it on level 1 of the Lair of Beasts)

   [amulet of faith]

   Faith:     It allows you to gain divine favour quickly.
   rF+:       It protects you from fire.
   SInv:      It lets you see invisible.
   Stlth-:    It makes you less stealthy.
Talismans
 H - a storm talisman
 Q - a talisman of death (active)
 Z - the granite talisman of Negligence {Will+ rCorr Stlth-}
   (You found it on level 3 of the Crypt)

   [granite talisman]

   Will+:     It increases your willpower.
   rCorr:     It protects you from acid and corrosion.
   Stlth-:    It makes you less stealthy.
Wands
 z - a wand of iceblast (84)
 C - a wand of flame (118)
 D - a wand of digging (28)
 F - a wand of quicksilver (38)
 O - a wand of mindburst (41)
Scrolls
 e - 2 scrolls of summoning
 h - 2 scrolls of silence
 i - 23 scrolls of teleportation
 j - 6 scrolls of blinking
 q - 12 scrolls of poison
 u - 10 scrolls of fear
 y - 6 scrolls of vulnerability
 A - 4 scrolls of revelation
 I - 9 scrolls of fog
 P - 5 scrolls of torment
Potions
 c - 11 potions of ambrosia
 f - 10 potions of cancellation
 g - 9 potions of might
 k - 30 potions of curing
 l - 6 potions of resistance
 n - 19 potions of haste
 x - 7 potions of magic
 E - 10 potions of mutation
 G - 18 potions of heal wounds
 N - 6 potions of invisibility
 V - 8 potions of enlightenment
 Y - 7 potions of berserk rage
Miscellaneous
 b - the horn of Geryon
 M - a phantom mirror
 R - a phial of floods
 S - a lightning rod (4/4)


   Skills:
 O Level 27 Fighting
 O Level 27 Dodging
 * Level 25.9 Unarmed Combat
 + Level 21.7 Invocations
 - Level 9.0 Evocations
 + Level 24.0 Shapeshifting


You had 26 spell levels left.
You didn't know any spells.
Your spell library contained the following spells:

 Spells                   Type           Power      Damage    Failure   Level
 Apportation              Tloc           0%         N/A       43%         1
 Foxfire                  Conj/Fire      0%         2x1d4     43%         1
 Freeze                   Ice            0%         1d3       43%         1
 Kiss of Death            Conj/Necr      0%         2d5       43%         1
 Magic Dart               Conj           0%         1d3       43%         1
 Necrotise                Necr           0%         1d4       43%         1
 Sandblast                Erth           0%         2d4       43%         1
 Shock                    Conj/Air       0%         1d3       43%         1
 Slow                     Hex            0%         N/A       43%         1
 Blink                    Tloc           0%         N/A       56%         2
 Call Imp                 Summ           0%         N/A       56%         2
 Cigotuvi's Dreadful Rot  Necr/Alch/Air  0%         N/A       56%         2
 Ensorcelled Hibernation  Hex/Ice        0%         N/A       56%         2
 Jinxbite                 Hex            0%         N/A       56%         2
 Lesser Beckoning         Tloc           0%         N/A       56%         2
 Mercury Vapours          Alch/Air       0%         N/A       56%         2
 Momentum Strike          Conj/Tloc      0%         3d8       56%         2
 Searing Ray              Conj           0%         2d4       56%         2
 Static Discharge         Conj/Air       0%         3-3/arc   56%         2
 Sublimation of Blood     Necr           0%         N/A       56%         2
 Call Canine Familiar     Summ           0%         N/A       80%         3
 Confusing Touch          Hex            0%         N/A       80%         3
 Frozen Ramparts          Ice            0%         1d1       80%         3
 Fugue of the Fallen      Necr           0%         N/A       80%         3
 Hailstorm                Conj/Ice       0%         3d5       80%         3
 Mephitic Cloud           Conj/Alch/Air  0%         N/A       80%         3
 Passwall                 Erth           0%         N/A       80%         3
 Sigil of Binding         Hex            0%         N/A       80%         3
 Stone Arrow              Conj/Erth      0%         3d7       80%         3
 Summon Ice Beast         Ice/Summ       0%         N/A       80%         3
 Swiftness                Air            0%         N/A       80%         3
 Tukima's Dance           Hex            0%         N/A       80%         3
 Vampiric Draining        Necr           0%         2d6       80%         3
 Volatile Blastmotes      Fire/Tloc      0%         2d10      80%         3
 Airstrike                Air            0%         2d(0-16)  99%         4
 Anguish                  Hex/Necr       0%         N/A       99%         4
 Animate Dead             Necr           0%         N/A       99%         4
 Brom's Barrelling Bould  Conj/Erth      0%         2d3       99%         4
 Cause Fear               Hex            0%         N/A       99%         4
 Dimensional Bullseye     Hex/Tloc       0%         N/A       99%         4
 Dispel Undead            Necr           0%         3d6       99%         4
 Fulminant Prism          Conj/Alch      0%         3d5       99%         4
 Iskenderun's Mystic Bla  Conj/Tloc      0%         2d3       99%         4
 Leda's Liquefaction      Alch/Erth      0%         N/A       99%         4
 Manifold Assault         Tloc           0%         N/A       99%         4
 Martyr's Knell           Necr/Summ      0%         N/A       99%         4
 Olgreb's Toxic Radiance  Alch           0%         N/A       99%         4
 Passage of Golubria      Tloc           0%         N/A       99%         4
 Petrify                  Alch/Erth      0%         N/A       99%         4
 Summon Blazeheart Golem  Fire/Summ      0%         N/A       99%         4
 Summon Lightning Spire   Summ/Air       0%         N/A       99%         4
 Vhi's Electric Charge    Tloc/Air       0%         N/A       99%         4
 Alistair's Intoxication  Alch           0%         N/A       100%        5
 Arcjolt                  Conj/Air       0%         1d10      100%        5
 Borgnjor's Vile Clutch   Necr/Erth      0%         N/A       100%        5
 Curse of Agony           Necr           0%         N/A       100%        5
 Fireball                 Conj/Fire      0%         3d3       100%        5
 Freezing Cloud           Conj/Ice/Air   0%         6-21      100%        5
 Lee's Rapid Deconstruct  Erth           0%         3d4*      100%        5
 Metabolic Englaciation   Hex/Ice        0%         N/A       100%        5
 Silence                  Hex/Air        0%         N/A       100%        5
 Summon Forest            Summ/Tloc      0%         N/A       100%        5
 Yara's Violent Unravell  Hex/Alch       0%         3d3       100%        5
 Bombard                  Conj/Erth      0%         9d1       100%        6
 Conjure Ball Lightning   Conj/Air       0%         3x3d6     100%        6
 Death Channel            Necr           0%         N/A       100%        6
 Dispersal                Tloc           0%         N/A       100%        6
 Eringya's Noxious Bog    Alch           0%         4d6       100%        6
 Plasma Beam              Fire/Air       0%         2x1d10    100%        6
 Sculpt Simulacrum        Ice/Alch       0%         N/A       100%        6
 Enfeeble                 Hex            0%         N/A       100%        7
 Haunt                    Necr/Summ      0%         N/A       100%        7
 Malign Gateway           Summ/Tloc      0%         N/A       100%        7
 Orb of Destruction       Conj           0%         9d5       100%        7
 Ozocubu's Refrigeration  Ice            0%         4d7       100%        7
 Spellforged Servitor     Conj/Summ      0%         N/A       100%        7
 Summon Hydra             Summ           0%         N/A       100%        7
 Borgnjor's Revivificati  Necr           0%         N/A       100%        8
 Discord                  Hex            0%         N/A       100%        8
 Disjunction              Tloc           0%         N/A       100%        8
 Lehudib's Crystal Spear  Conj/Erth      0%         10d2      100%        8
 Summon Horrible Things   Summ           0%         N/A       100%        8
 Death's Door             Necr           0%         N/A       100%        9
 Animate Armour           Summ/Erth      Unusable   N/A       N/A         4

Dungeon Overview and Level Annotations

Branches:
Dungeon (15/15)            Temple (1/1) D:5            Lair (5/5) D:11
  Swamp (4/4) Lair:2       Spider (4/4) Lair:2        Slime (5/5) Lair:5
    Orc (2/2) D:11            Elf (3/3) Orc:2        Vaults (5/5) D:13
  Crypt (3/3) Vaults:3       Tomb (0/3) Crypt:3      Depths (4/4) D:15
   Hell (visited)             Dis (3/7) Hell            Geh (0/7) Hell
    Coc (0/7) Hell            Tar (0/7) Hell            Zot (5/5) Depths:4
 Bailey (visited)           IceCv (visited)         Volcano (visited)
Gauntlet (visited)

Altars:
Ashenzari
Cheibriados
Dithmenos
Elyvilon
Fedhas
Gozag
Hepliaklqana
Kikubaaqudgha
Makhleb
Nemelex Xobeh
Okawaru
Qazlal
Ru
Sif Muna
Trog
Uskayaw
Vehumet
Wu Jian
Xom
Yredelemnul
Zin
The Shining One
Beogh

Shops:
D:11 ((*   Orc:2 *[[[   Vaults:2 [   Vaults:3 (   Vaults:5 ?![[

Portals:
Hell: Depths:1 Depths:2 Depths:3 Depths:4
Abyss: Depths:3
Pandemonium: Depths:2
Ziggurat: Depths:3

Annotations:
D:9 3 runed translucent doors, exclusion: 3 doors, CougarLife's ghost, journeyman GrEE
Lair:2 2 runed translucent doors, exclusion: 2 doors, Veczewe's ghost, journeyman GrEE
Spider:2 3 runed translucent doors, exclusion: 3 doors, zenocrate's ghost, adept MDFi
Elf:2 3 runed translucent doors, exclusion: 3 doors
Depths:3 exclusions: 2 eyes of devastation, glass eye and great orb of eyes
Zot:5 2 exclusions


Innate Abilities, Weirdness & Mutations

You are an undying horror.
Your melee and unarmed attacks drain, slow and weaken victims.
You are immune to unholy pain and torment.
You cannot drink.
You are immune to poison.
((You can breathe blasts of scalding, opaque steam.))
Your pale cyan-grey scales are hard. (AC +13)
You cannot fit into any form of body armour.
You are cold-blooded and may be slowed by cold attacks.
You are immune to the effects of steam.
You have very sharp teeth.
You have a somewhat thin skeletal structure. (Dex +2, Stealth+)
You are agile. (Dex +4, Str/Int -1)
Your magical capacity is low. (-10% MP)


Message History

You hit the caustic shrike but do no damage.
You drain the caustic shrike.
Your tail-slap misses the caustic shrike.
The caustic shrike is heavily wounded.
The caustic shrike barely misses you.
Unknown command.
Unknown command.
Unknown command.
Unknown command.
Okay, then.
Unknown command.
Okay, then.
Unknown command.
Unknown command.
Unknown command.
Unknown command.
As you read the scroll of summoning, it crumbles to dust.
Wisps of shadow whirl around you...
The caustic shrike completely misses you.
The iron giant throws the caustic shrike at you!
* * * LOW HITPOINT WARNING * * *
The caustic shrike completely misses you.
The iron golem completely misses you. The iron golem hits you!!
* * * LOW HITPOINT WARNING * * *
Uskayaw prepares the audience for your solo!
You take 50 damage, and have 16/273 hp.
Unknown command.
Unknown command.
Unknown command.
Unknown command.
Unknown command.
The helpless iron golem fails to defend itself.
You punch the iron golem!
You punch the iron golem, but do no damage.
The iron golem is lightly damaged.
Aiming: Line Pass
Press: ? - help, Dir - move target The caustic shrike appears confused.
Your ancient champion hits the iron golem with a +1 great mace!
Your war gargoyle launches metal splinters at the iron golem.
The spray of metal splinters hits the iron golem but does no damage.
You regained 2 hp, and now have 19/273 hp.
You now have 1/34 mp.
As you read the scroll of teleportation, it crumbles to dust.
You feel strangely unstable.
The iron golem is no longer paralysed.
Your war gargoyle hits the iron golem with a +0 flail!
Your ancient champion hits the iron golem with a +1 great mace!
The iron golem hits your war gargoyle!!!
The iron golem hits your war gargoyle!
Your war gargoyle is destroyed!
Your war gargoyle dissolves into shadows!
You regained 2 hp, and now have 21/273 hp.
The helpless caustic shrike fails to defend itself.
You squash the caustic shrike like an ant!!!
The caustic shrike decays.
The caustic shrike is almost dead.
Your ancient champion gestures wildly while chanting.
Your ancient champion seems to speed up.
Uskayaw will force your foes to share their pain.
You cannot drink potions in your current state!
Unknown command.
Okay, then.
Unknown command.
Unknown command.
Throw: throwing net
Press: ? - help, Q - select action, (/) - cycle Shift-Dir - straight line, f - iron golem
Aim: an iron golem (lightly damaged, ally target, 86% to hit)
You throw a throwing net. The throwing net hits the iron golem.
The iron golem is caught in the net!
The iron golem is lightly damaged.
The caustic shrike is no longer paralysed.
The caustic shrike completely misses you.
The caustic shrike claws itself!
Your ancient champion hits the iron golem with a +1 great mace!
Uskayaw links your audience in an emotional bond!
You regained 3 hp, and now have 25/273 hp.
Clearing quiver.
Unknown command.
Unknown command.
You cannot drink potions in your current state!
Unknown command.
Unknown command.
Unknown command.
Unknown command.
You catch the helpless caustic shrike completely off-guard!
You pummel the caustic shrike!!
You kill the caustic shrike!
Your ancient champion hits the iron golem with a +1 great mace!!
The iron golem struggles against the net.
The iron giant fires a harpoon shot at you.
The harpoon shot misses you.
You feel your strength returning.
Unknown command.
As you read the scroll of summoning, it crumbles to dust.
Wisps of shadow whirl around you...
Your ancient champion hits the iron golem with a +1 great mace!!
The iron giant points at you and mumbles some strange words.
The iron shot hits you!!!
You die...
Your body falls in perfect tune with the rhythm.

. .. ...
....#############
............#z2z#
#.....)..#.9.#
#........#.2z#
#....†...C...#
#^....9..#...#
#....2######+#
#.....# #.....#
#.....#


You could see an iron golem (caught, pain bonded, ally target), an iron giant
(pain bonded), 2 friendly ancient champions and 2 friendly tormentors.

Vanquished Creatures
  Cerebov (Pan)
  the Royal Jelly (Slime:5)
  Mnoleg (Pan)
  Ignacio (Pan)
  Gloorx Vloq (Pan)
  Lom Lobon (Pan)
  A seraph (Pan)
  2 dread liches (Vaults:5)
  4 ancient liches
  An orb of fire (Zot:3)
  Mennas (Pan)
  6 juggernauts
  Xtahua (Crypt:2)
  Josephina (Crypt:1)
  Vv (Zot:2)
  2 pandemonium lords (Pan)
  5 Killer Klowns (Zot:4)
  A curse toe (Zot:2)
  7 caustic shrikes (Dis:3)
  14 golden dragons
  Geryon (Hell)
  2 pearl dragons (Pan)
  Jory (Crypt:1)
  A bone dragon (Crypt:3)
  An electric golem (Zot:2)
  Arachne (Spider:4)
  6 Brimstone Fiends (Pan)
  3 iron giants (Dis:1)
  4 Tzitzimimeh (Pan)
  2 Hell Sentinels (Pan)
  2 Ice Fiends (Pan)
  14 tentacled monstrosities
  Rupert (D:13)
  6 Orb Guardians (Zot:5)
  Zenata (Elf:1)
  7 quicksilver dragons
  8 liches
  2 walking divine tomes
  2 deep elf master archers (Elf:3)
  12 titans
  2 deep elf blademasters (Elf:3)
  18 Executioners (Pan)
  An eldritch tentacle (Pan)
  4 sphinxes
  17 acid blobs
  7 searing wretches (Hell)
  8 death cobs
  4 ancient champions
  4 tengu reavers
  Roxanne (Swamp:3)
  2 thorn hunters
  9 shadow dragons
  12 storm dragons
  7 azure jellies
  7 draconian knights
  Donald (Crypt:1)
  3 fenstrider witches (Pan)
  12 rockslimes
  2 revenants
  23 daevas (Pan)
  8 draconian monks
  5 demonspawn warmongers (Pan)
  10 protean progenitors
  10 fire giants
  14 frost giants
  2 iron dragons
  13 draconian scorchers
  2 emperor scorpions
  3 deep elf sorcerers
  29 angels (Pan)
  9 ghost moths
  15 balrugs
  2 caustic shrike zombies (Crypt:2)
  A deep elf elementalist (Elf:3)
  2 juggernaut zombies (Crypt:2)
  4 draconian shifters
  Louise (Elf:3)
  8 vault wardens
  14 draconian annihilators
  2 curse skulls (Pan)
  23 ironbound preservers
  A formless jellyfish (Vaults:3)
  8 draconian stormcallers
  19 very ugly things
  A ghoul (Swamp:1)
  6 orc warlords
  22 reapers
  11 quicksilver oozes
  5 demonspawn corrupters (Pan)
  15 stone giants
  7 caustic shrike skeletons
  A spriggan defender (Depths:4)
  17 cacodemons
  6 demonspawn blood saints (Pan)
  37 apis (Pan)
  16 ophanim (Pan)
  A broodmother (Spider:1)
  7 vampire knights
  7 ironbound thunderhulks
  13 green draconians
  2 juggernaut skeletons (Pan)
  7 deep elf demonologists
  9 deep elf death magi
  7 deep elf annihilators
  12 white draconians
  4 bunyips
  15 black draconians
  7 demonspawn black suns (Pan)
  7 lorocyprocas (Pan)
  10 war gargoyles
  A minotaur (Gauntlet)
  5 dire elephants
  22 yellow draconians
  14 spark wasps
  18 purple draconians
  13 ettins
  15 red draconians
  6 eidola
  9 green deaths
  2 iron golems (Hell)
  4 deep elf high priests
  13 fire dragons
  5 entropy weavers
  13 yaktaur captains
  7 blizzard demons
  12 jiangshi
  10 great orbs of eyes
  A shambling mangrove (Swamp:4)
  2 spriggan zombies
  6 crystal guardians
  An elf skeleton (Crypt:2)
  10 ice dragons
  23 hydras
  A caustic shrike simulacrum (Hell)
  5 hell beasts
  4 rakshasas
  A spectral shadow dragon (Crypt:2)
  3 jorogumos
  34 vault guards
  5 peacekeepers
  5 spriggan air magi
  12 alligators
  A merfolk aquamancer (Pan)
  9 two-headed ogres
  4 centaur warriors
  8 ghost crabs (Swamp:1)
  2 ogre magi
  6 radroaches
  11 ironbound frosthearts
  An Orb Guardian zombie (Crypt:1)
  5 boulder beetles
  A catoblepas (Gauntlet)
  A stoker (Hell)
  15 dancing weapons
  7 deep troll shamans
  2 occultists (Depths:3)
  2 satyrs (Pan)
  A fenstrider witch skeleton (Crypt:1)
  2 spriggan skeletons
  A death scarab (Spider:3)
  3 tengu warriors
  8 vampire magi
  10 deep troll earth magi
  14 hell hogs
  15 death yaks
  A spectral dire elephant (Crypt:2)
  An orc high priest (Orc:2)
  7 spriggan berserkers
  19 demonic crawlers
  21 soul eaters
  29 sun demons
  16 hell knights
  A titan zombie (Crypt:3)
  Nergalle (Lair:1)
  A crystal echidna (Dis:3)
  9 deep elf knights
  Amaemon (Lair:1)
  3 shadow wraiths
  20 sixfirhies
  An emperor scorpion zombie (Crypt:2)
  11 pharaoh ants
  6 hellephant skeletons (Pan)
  A titan skeleton (Hell)
  13 iron trolls
  A spectral bunyip (Crypt:2)
  2 golden dragon zombies (Crypt:3)
  2 anaconda zombies
  28 skeletal warriors
  A bunyip zombie (Crypt:2)
  3 goliath frogs
  2 quicksilver dragon simulacra (Depths:4)
  7 glowing orange brains
  18 shadow demons (Pan)
  7 spriggan druids
  6 flayed ghosts
  76 deep trolls
  9 bog bodies
  18 cherubim (Pan)
  2 thermic dynamos
  11 orb spiders
  11 sun moths
  A spriggan simulacrum (Crypt:2)
  9 phantasmal warriors
  11 deep elf archers
  An obsidian statue (Depths:3)
  9 swamp dragons
  3 fenstrider witch simulacra
  10 arcanists
  7 steelbarb worms
  3 lindwurms
  14 orc knights
  15 ironbound convokers
  Pikel (D:7)
  An iron dragon zombie (Crypt:3)
  13 large abominations (Pan)
  15 necromancers
  An iron giant skeleton (Crypt:2)
  5 shining eyes
  16 deep elf zephyrmancers
  An anaconda skeleton (Volcano)
  A jorogumo zombie (Crypt:2)
  25 deep elf pyromancers
  37 wolf spiders
  25 ugly things
  3 orc sorcerers
  2 oklob plants (D:11)
  6 will-o-the-wisps
  A frost giant zombie (Depths:2)
  2 naga zombies (Crypt:3)
  A stone giant zombie (Vaults:3)
  5 cyclopes
  10 black mambas
  An iron dragon skeleton (Depths:2)
  An alligator skeleton (Crypt:1)
  33 moths of wrath
  8 centaur zombies (D:10)
  13 meliai
  A guardian serpent (shapeshifter) (D:14)
  4 guardian serpents (Pan)
  2 kobold blastminers
  An alligator snapping turtle zombie (Crypt:3)
  15 smoke demons
  Maggie (Lair:2)
  4 eyes of devastation (Pan)
  12 rust devils
  2 ice statues
  15 vault sentinels
  7 elephants
  4 molten gargoyles
  A kobold demonologist (D:14)
  2 hellions (Pan)
  21 orange demons
  5 torpor snails
  2 unseen horror zombies (D:10)
  A swamp worm zombie (Crypt:1)
  12 cane toads
  2 dire elephant skeletons (Crypt:3)
  A minotaur zombie (Gauntlet)
  5 gargoyles
  4 efreet (Pan)
  9 komodo dragons
  36 yaktaurs
  6 rime drakes
  A tengu conjurer (D:14)
  3 freezing wraiths
  A spectral harpy (Crypt:2)
  3 red devils (Orc:2)
  13 trolls
  A tormentor (Pan)
  4 ice devils
  A merfolk (Pan)
  5 polar bears
  3 harpy zombies
  8 tyrant leeches
  A hydra zombie (Crypt:2)
  10 glass eyes
  7 saltlings (Orc:2)
  30 tarantellas
  20 hellwings
  6 dream sheep (Lair:5)
  9 hornets
  17 blink frogs
  An elf zombie (Vaults:3)
  A shadow dragon simulacrum (Hell)
  2 harpy skeletons
  A raiju (Gauntlet)
  An ettin zombie (Crypt:1)
  A centaur simulacrum (Crypt:1)
  90 slime creatures
  7 shadows
  A black mamba zombie (Crypt:2)
  24 jumping spiders
  10 wraiths
  19 culicivoras
  An air elemental (Elf:1)
  5 vampires
  15 spriggans
  18 ynoxinuls
  3 humans (D:13)
  2 fire elementals (Elf:1)
  4 water elementals
  A fire dragon skeleton (Crypt:2)
  90 yaks
  10 neqoxecs (Pan)
  51 redbacks
  9 basilisks
  6 steam dragons
  8 wargs
  4 wyverns
  6 golden eyes
  An alligator snapping turtle simulacrum (Crypt:1)
  19 vampire mosquitoes
  Menkaure (D:7)
  A harpy simulacrum (Crypt:2)
  21 swamp worms
  5 acid dragons
  4 chaos spawn (Pan)
  9 hell hounds
  16 water moccasins
  Edmund (D:4)
  An ogre skeleton (Vaults:3)
  Duvessa (D:5)
  34 orc warriors
  A demonspawn skeleton (Crypt:1)
  9 swamp drakes (Swamp:4)
  An elephant zombie (Crypt:1)
  A glowing shapeshifter skeleton (Depths:2)
  7 ettin simulacra
  An ice beast (D:3)
  71 laughing skulls
  2 cane toad skeletons
  4 black bears
  12 ogres
  14 wolves
  A snapping turtle skeleton (Crypt:2)
  10 centaurs
  2 lemures (D:7)
  A swamp dragon skeleton (Crypt:1)
  A phantom (D:4)
  6 kobold brigands
  A weeping skull (Volcano)
  14 bullfrogs
  2 scorpions
  A naga simulacrum (Crypt:2)
  A two-headed ogre simulacrum (Crypt:2)
  A gnoll sergeant (D:8)
  A cane toad simulacrum (Lair:5)
  2 earth elementals (Elf:1)
  Dowan (D:5)
  A swamp dragon simulacrum (Crypt:1)
  An elephant simulacrum (Lair:5)
  25 killer bees
  A troll skeleton (Volcano)
  8 electric eels
  6 howler monkeys
  4 lava snakes (Lair:5)
  2 hounds (D:5)
  A bombardier beetle (D:6)
  2 jellies
  14 orc priests
  6 hell rats (Lair:2)
  3 iguanas
  A human skeleton (Crypt:1)
  3 polar bear simulacra (Lair:5)
  20 orc wizards
  2 wolf simulacra (Lair:5)
  A deep dwarf zombie (Crypt:2)
  6 naga skeletons
  A howler monkey zombie (D:10)
  9 gnolls
  9 adders
  A white imp (D:4)
  2 ufetubi (D:6)
  A lava snake skeleton (Crypt:1)
  A dart slug (D:3)
  57 orcs
  8 endoplasms
  2 giant cockroaches
  10 goblins
  7 hobgoblins
  6 jackals
  2 quokkas
  4 ball pythons
  6 bats
  3 frilled lizards
  7 kobolds
  3 rats (D:1)
3055 creatures vanquished.

Vanquished Creatures (collateral kills)
  A radroach (Spider:1)
  A spriggan berserker (Depths:4)
  A tarantella (Spider:1)
3 creatures vanquished.

Vanquished Creatures (others)
  A war gargoyle (Hell)
  A rakshasa (Pan)
  A bog body (Swamp:1)
  A glowing orange brain (Pan)
  A necromancer (Depths:3)
  A deep elf zephyrmancer (Elf:1)
  2 bloated husks (Swamp:1)
  A slime creature (Slime:3)
  A jumping spider (Spider:4)
  A human (D:13)
  A lava snake (Lair:5)
  12 foxfires
24 creatures vanquished.

Grand Total: 3082 creatures vanquished

Notes
Turn   | Place    | Note
-------+----------+-------------------------------------------
     0 | D:1      | gimp the Draconian Shapeshifter began the quest for the
                  | Orb.
     0 | D:1      | Reached XP level 1. HP: 16/16 MP: 1/1
   254 | D:1      | Reached XP level 2. HP: 17/23 MP: 2/2
   556 | D:2      | Reached XP level 3. HP: 23/29 MP: 3/3
   615 | D:2      | Identified the +8 dagger of the Snake Pit {pain, rElec
                  | Dex-2 Stlth+}
   650 | D:2      | Found a faded altar of an unknown god.
   851 | D:2      | Found a shadowy altar of Dithmenos.
  1187 | D:2      | Reached XP level 4. HP: 36/36 MP: 4/4
  1330 | D:3      | Noticed an ice beast
  1343 | D:3      | Killed an ice beast
  1344 | D:3      | Reached XP level 5. HP: 44/44 MP: 5/5
  2254 | D:4      | Noticed Edmund
  2386 | D:4      | Reached skill level 5 in Unarmed Combat
  2442 | D:4      | Noticed a phantom
  2489 | D:4      | Killed a phantom
  2490 | D:4      | Reached XP level 6. HP: 42/51 MP: 6/6
  2760 | D:5      | Entered Level 5 of the Dungeon
  3021 | D:5      | Noticed Dowan
  3075 | D:5      | Found a staircase to the Ecumenical Temple.
  3082 | Temple   | Entered the Ecumenical Temple
  3087 | Temple   | Became a worshipper of Uskayaw the Reveller
  3171 | D:5      | Found a bloodstained altar of Trog.
  3211 | D:5      | Reached * piety under Uskayaw
  3214 | D:5      | Reached ** piety under Uskayaw
  3215 | D:5      | Your scales start taking on a pale cyan-grey colour.
  3215 | D:5      | Reached XP level 7. HP: 57/59 MP: 7/7
  3215 | D:5      | Gained mutation: You are immune to the effects of steam.
                  | [Pale Draconian growth]
  3410 | D:5      | Noticed Duvessa
  3415 | D:5      | Killed Dowan
  3416 | D:5      | Killed Duvessa
  3649 | D:6      | Found a snail-covered altar of Cheibriados.
  3736 | D:6      | Found a shadowy altar of Dithmenos.
  3923 | D:6      | Reached skill level 5 in Shapeshifting
  4027 | D:6      | Found a sacrificial altar of Ru.
  4059 | D:6      | Found a shimmering blue altar of Sif Muna.
  4525 | D:7      | Reached skill level 5 in Fighting
  4551 | D:7      | Reached XP level 8. HP: 64/68 MP: 6/8
  4558 | D:7      | Reached *** piety under Uskayaw
  4574 | D:7      | Reached **** piety under Uskayaw
  4982 | D:7      | Found a shimmering altar of Xom.
  4983 | D:7      | Noticed Pikel
  5005 | D:7      | Killed Pikel
  5304 | D:7      | Reached XP level 9. HP: 72/74 MP: 6/9
  5594 | D:7      | Noticed Menkaure
  5600 | D:7      | Killed Menkaure
  5938 | D:8      | Found a basalt altar of Yredelemnul.
  6078 | D:8      | Found a sparkling altar of Nemelex Xobeh.
  6233 | D:8      | Reached ***** piety under Uskayaw
  6334 | D:8      | Reached skill level 10 in Unarmed Combat
  6434 | D:8      | Found a glowing silver altar of Zin.
  6464 | D:8      | Found an ornate altar of the Wu Jian Council.
  6606 | D:8      | Found a hazy altar of Hepliaklqana.
  6716 | D:8      | Reached skill level 5 in Dodging
  6777 | D:8      | Found a stormy altar of Qazlal.
  6872 | D:9      | Noticed a troll
  6930 | D:9      | Reached XP level 10. HP: 54/81 MP: 6/10
  6980 | D:9      | Found a runed translucent gate.
  6980 | D:9      | Noticed a two-headed ogre
  6981 | D:9      | Found a runed translucent gate.
  6981 | D:9      | Noticed a spectral centaur warrior
  6995 | D:9      | Killed a two-headed ogre
  7003 | D:9      | Found a runed translucent gate.
  7060 | D:9      | Found a flagged portal.
  7135 | Bailey   | Entered a bailey
  7256 | Bailey   | Noticed a two-headed ogre
  7265 | Bailey   | Killed a two-headed ogre
  7598 | D:9      | Found a glowing golden altar of the Shining One.
  7794 | D:9      | Reached XP level 11. HP: 78/86 MP: 9/11
  7822 | D:9      | Noticed CougarLife's ghost (journeyman GrEE)
  7866 | D:9      | Found a blossoming altar of Fedhas.
  7952 | D:9      | Found a white marble altar of Elyvilon.
  8259 | D:10     | Entered Level 10 of the Dungeon
  8354 | D:10     | Reached ****** piety under Uskayaw
 10002 | D:11     | Reached XP level 12. HP: 82/94 MP: 10/12
 10005 | D:11     | Found a gate leading to a gauntlet.
 10014 | Gauntlet | Entered a Gauntlet
 10014 | Gauntlet | Found a transporter.
 10041 | Gauntlet | Found a transporter.
 10043 | Gauntlet | Found a transporter.
 10045 | Gauntlet | Noticed a catoblepas
 10059 | Gauntlet | Found a transporter.
 10062 | Gauntlet | Found a transporter.
 10072 | Gauntlet | Found a transporter.
 10088 | Gauntlet | Found a transporter.
 10101 | Gauntlet | Noticed a death yak
 10102 | Gauntlet | Noticed a death yak
 10103 | Gauntlet | Found a transporter.
 10103 | Gauntlet | Noticed a death yak
 10111 | Gauntlet | Noticed a catoblepas
 10113 | Gauntlet | Found a transporter.
 10117 | Gauntlet | Found a transporter.
 10117 | Gauntlet | Found a transporter.
 10149 | Gauntlet | Found a transporter.
 10152 | Gauntlet | Found a transporter.
 10195 | Gauntlet | Identified the +3 scale mail of Nuff {*Corrode rC+ rN++}
 10274 | Gauntlet | Killed a catoblepas
 10278 | Gauntlet | Identified the ring "Ijay" {MP+9 Str+7}
 10351 | Gauntlet | Noticed a minotaur
 10371 | Gauntlet | Killed a minotaur
 10377 | Gauntlet | Got the Notes on Wanderlust and the Crevasse
 10754 | D:11     | Found a staircase to the Lair.
 10856 | D:11     | Reached skill level 10 in Shapeshifting
 10892 | D:11     | Found Enuxef's General Store.
 10899 | D:11     | Bought a scroll of teleportation for 42 gold pieces
 10899 | D:11     | Bought a scroll of teleportation for 42 gold pieces
 10899 | D:11     | Bought a scroll of identify for 28 gold pieces
 10990 | D:11     | Reached skill level 15 in Unarmed Combat
 11120 | D:11     | Found Viyrair's Antique Weapon Shoppe.
 11172 | D:11     | Found Comiheoxt's Weapon Shoppe.
 11282 | D:11     | Found a staircase to the Orcish Mines.
 11627 | D:4      | Killed Edmund
 11828 | Lair:1   | Entered Level 1 of the Lair of Beasts
 11895 | Lair:1   | Noticed Amaemon
 11917 | Lair:1   | Killed Amaemon
 12281 | Lair:1   | Identified the amulet of Wiwk {Faith rF+ SInv Stlth-}
 12289 | Lair:1   | Noticed Nergalle
 12308 | Lair:1   | Killed Nergalle
 12914 | Lair:2   | Found a hole to the Spider Nest.
 13013 | Lair:2   | Noticed Maggie
 13038 | Lair:2   | Killed Maggie
 13048 | Lair:2   | Reached XP level 13. HP: 86/100 MP: 13/13
 13197 | Lair:2   | Found a runed translucent door.
 13539 | Lair:2   | Found a runed translucent door.
 13542 | Lair:2   | Noticed Veczewe's ghost (journeyman GrEE)
 13587 | Lair:2   | Found a staircase to the Swamp.
 13637 | Lair:2   | Reached skill level 10 in Dodging
 14049 | Lair:2   | Reached skill level 1 in Invocations
 15550 | Lair:3   | Reached skill level 5 in Invocations
 15787 | Lair:4   | Found the +15 Maxwell's patent armour {-Cast -Tele rElec
                  | Will+ rCorr}
 15954 | Lair:4   | Reached XP level 14. HP: 89/107 MP: 18/18
 16810 | Lair:5   | Entered Level 5 of the Lair of Beasts
 16891 | Lair:5   | Found a staircase to the Slime Pits.
 16912 | Lair:5   | Found a frozen archway.
 16998 | IceCv    | Entered an ice cave
 17942 | IceCv    | Noticed a frost giant
 17984 | IceCv    | Killed a frost giant
 19692 | Lair:5   | Found a large runed translucent door.
 19692 | Lair:5   | Found a large runed translucent door.
 20038 | Orc:1    | Entered Level 1 of the Orcish Mines
 20224 | Orc:1    | Reached XP level 15. HP: 79/113 MP: 22/22
 20709 | Orc:1    | Reached skill level 10 in Invocations
 20953 | Orc:1    | Identified the amulet of the Gazing Philosopher {Spirit
                  | Will+ Regen+}
 21437 | Orc:2    | Entered Level 2 of the Orcish Mines
 21443 | Orc:2    | Found a staircase to the Elven Halls.
 21583 | Orc:2    | Found a dark tunnel.
 21599 | Volcano  | Entered a volcano
 22432 | Orc:2    | Found a roughly hewn altar of Beogh.
 23007 | Orc:2    | Found Iskits's General Store.
 23041 | Orc:2    | Found Mehuky's Antique Armour Shop.
 23042 | Orc:2    | Found a roughly hewn altar of Beogh.
 23043 | Orc:2    | Found Plog's Antique Armour Shop.
 23559 | Orc:2    | Found Bitsont's Antique Armour Boutique.
 23630 | Orc:2    | Bought a pair of glowing gloves for 255 gold pieces
 25123 | D:13     | Noticed Rupert
 25133 | D:13     | Killed Rupert
 25593 | D:13     | Found a gate to the Vaults.
 26105 | D:14     | You fall into a shaft and drop 1 floor!
 26105 | D:15     | Entered Level 15 of the Dungeon
 26130 | D:15     | Reached XP level 16. HP: 110/119 MP: 25/25
 26894 | D:15     | Found a staircase to the Depths.
 27990 | Swamp:1  | Entered Level 1 of the Swamp
 28748 | Lair:2   | Reached skill level 15 in Shapeshifting
 30395 | Swamp:1  | Reached skill level 15 in Dodging
 30546 | Swamp:1  | Noticed a thorn hunter
 30558 | Swamp:1  | Killed a thorn hunter
 30791 | Swamp:1  | Identified the +5 shadow dragon scales of the Good {rF+
                  | Stlth++++}
 31926 | Swamp:3  | Noticed Roxanne
 32186 | Swamp:3  | Reached XP level 17. HP: 136/136 MP: 27/27
 32641 | Swamp:4  | Entered Level 4 of the Swamp
 33906 | Swamp:4  | Reached skill level 15 in Invocations
 34038 | Swamp:4  | Reached skill level 10 in Fighting
 34261 | Swamp:4  | Got a decaying rune of Zot
 34558 | Swamp:4  | Identified the ring of Moderation {rC+ Will+ Int+4}
 34702 | Swamp:3  | Killed Roxanne
 34826 | Spider:1 | Entered Level 1 of the Spider Nest
 35719 | Spider:2 | Found a runed translucent gate.
 35719 | Spider:2 | Found a runed translucent gate.
 35719 | Spider:2 | Found a runed translucent gate.
 35736 | Spider:2 | Noticed zenocrate's ghost (adept MDFi)
 36898 | Spider:3 | Reached XP level 18. HP: 152/152 MP: 29/29
 38312 | Spider:4 | Entered Level 4 of the Spider Nest
 39048 | Spider:4 | Reached skill level 1 in Evocations
 39812 | Spider:4 | Got a gossamer rune of Zot
 40221 | Spider:4 | Noticed Arachne
 40243 | Spider:4 | Killed Arachne
 40770 | Vaults:1 | Entered Level 1 of the Vaults
 40835 | Vaults:1 | Reached skill level 5 in Evocations
 40900 | Vaults:1 | Reached XP level 19. HP: 163/163 MP: 30/30
 42116 | Vaults:2 | Found Muibizeg's Antique Armour Boutique.
 43397 | Vaults:3 | Reached XP level 20. HP: 171/171 MP: 31/31
 43555 | Vaults:3 | Found Myrijis's Weapon Emporium.
 43920 | Vaults:3 | Found a portal to a secret trove of treasure.
 44293 | Vaults:3 | Found a staircase to the Crypt.
 45797 | Vaults:4 | Identified a scroll of acquirement
 45798 | Vaults:4 | Acquired the +0 cloak of the Equator {rElec Dex+2}
 45986 | Depths:1 | Entered Level 1 of the Depths
 46291 | Depths:1 | Found a gateway to Hell.
 47038 | Depths:2 | Reached XP level 21. HP: 92/178 MP: 32/32
 47374 | Depths:2 | Found a one-way gate leading to the halls of Pandemonium.
 47381 | Depths:2 | Gained mutation: You occasionally lose the ability to drink
                  | potions when taking damage. [a cacodemon]
 47671 | Depths:2 | Found a blossoming altar of Fedhas.
 47851 | Depths:2 | Identified the +1 hat of Fae Happiness {rN++ Will+ Regen+
                  | Int-5}
 48156 | Depths:2 | Noticed a juggernaut
 48168 | Depths:2 | Killed a juggernaut
 48334 | Depths:2 | Noticed a golden dragon
 48344 | Depths:2 | Killed a golden dragon
 48375 | Depths:2 | Identified the amulet "Faih Becunn" {Fly RegenMP+}
 48613 | Depths:3 | Found a one-way gateway to a ziggurat.
 48837 | Depths:3 | Found a one-way gate to the infinite horrors of the Abyss.
 49124 | Depths:3 | Gained mutation: You are robust. (+10% HP) [a cacodemon]
 49154 | Depths:3 | Found the +6 Majin-Bo {spellvamp, MP+6 Int+6}
 49550 | Depths:4 | Entered Level 4 of the Depths
 49825 | Depths:4 | Found a glowing golden altar of the Shining One.
 49845 | Depths:4 | Identified the ring of Ykkirr Keto {rC+ Int+6 Stlth+}
 49862 | Depths:4 | Found a hazy altar of Hepliaklqana.
 49903 | Depths:4 | Reached XP level 22. HP: 203/203 MP: 33/33
 49913 | Depths:4 | Noticed a golden dragon
 49922 | Depths:4 | Killed a golden dragon
 50237 | Depths:4 | Found a gate to the Realm of Zot.
 50285 | Depths:4 | Identified the ring "Fimauxem" {Fly MP+9 SInv}
 50293 | Depths:4 | Found a sacrificial altar of Ru.
 50788 | Depths:4 | Found a stormy altar of Qazlal.
 51283 | Elf:1    | Entered Level 1 of the Elven Halls
 51916 | Elf:1    | Noticed Zenata
 51929 | Elf:1    | Killed Zenata
 52057 | Elf:1    | Got Agoabaru's Quarto of Bombardment
 52229 | Elf:2    | Identified the ring of Vorphakhau {rPois rF- rN+ rCorr
                  | Str+2}
 52292 | Elf:2    | Got the Quarto of Production
 52412 | Elf:2    | Found a runed translucent gate.
 52412 | Elf:2    | Found a runed translucent gate.
 52412 | Elf:2    | Found a runed translucent gate.
 52592 | Elf:3    | Entered Level 3 of the Elven Halls
 52700 | Elf:3    | Acquired the ring "Useeniad" {Will+ Str+6 Int+2}
 53046 | Elf:3    | Noticed Louise
 53126 | Elf:3    | Identified the +1 leather armour of Virtue {Dex+3}
 53158 | Elf:3    | Killed Louise
 53597 | Elf:3    | Reached XP level 23. HP: 156/211 MP: 34/34
 53749 | Elf:3    | Identified the staff of Jufos {rC+ rN+ MP-9 Int+2 Necro
                  | Tloc}
 53841 | Elf:3    | Got the Catalogue of the Akashic Commander
 53853 | Elf:3    | Identified the +5 short sword of the Middle {elec, rF+ rN+
                  | Will+ Stlth-}
 53855 | Elf:3    | Identified the +5 quick blade "Impbane" {venom, rPois rCorr
                  | Str-3 Int+5}
 54421 | Slime:1  | Entered Level 1 of the Pits of Slime
 54836 | Slime:4  | Gained mutation: You have very sharp teeth. [a shining eye]
 54982 | Slime:5  | Entered Level 5 of the Pits of Slime
 55055 | Slime:5  | Found the sphere of Battle
 55055 | Slime:5  | Found the +5 scythe "Finisher" {speed, execute}
 55084 | Slime:5  | Noticed the Royal Jelly
 55085 | Slime:5  | Killed the Royal Jelly
 55413 | Slime:5  | Identified the +9 great sword of the Evil Eye {flame, *Rage
                  | rN++ Dex+3}
 55414 | Slime:5  | Identified the +8 shortbow "Jocig" {heavy, rF+ Str+3 Dex+4}
 56100 | Slime:5  | Identified the +9 plate armour "Awkuazof" {Str+2}
 56420 | Slime:5  | Identified the +9 shortbow of Cal Kaupruj {heavy, rPois
                  | rC+}
 56424 | Slime:5  | Got a slimy rune of Zot
 56589 | Slime:5  | Got the Cyclopedia of Assaults
 57328 | Vaults:3 | You paid a toll of a +8 demon trident to enter a treasure
                  | trove
 57329 | Trove    | Entered a treasure trove
 57336 | Trove    | Identified the +0 pair of boots "Qiutunkom" {rC+ Str+4
                  | Stlth-}
 57341 | Trove    | Identified the ring "Tisoag" {rF+ rC+ Str+6}
 57345 | Trove    | Identified the ring "Qyihyelie" {rF++ Dex+6}
 57348 | Trove    | Identified the amulet "Deucvogi" {Acrobat Rampage MP+9
                  | Int-5 Dex+2}
 57351 | Trove    | Identified the +1 hat of Surprise {rF- rC+ Will++ Stlth+}
 57353 | Trove    | Identified the ring "Qucavaf" {rElec rF+ rN+ Dex+6 SInv}
 57357 | Trove    | Identified the +1 pair of gloves of Yqitoanosm {-Tele rCorr
                  | Dex+2 Stlth+}
 57751 | Zot:1    | Entered Level 1 of the Realm of Zot
 58331 | Vaults:5 | Entered Level 5 of the Vaults
 58344 | Vaults:5 | Noticed an ancient lich
 58354 | Vaults:5 | Killed an ancient lich
 58570 | Vaults:5 | Identified the staff of Malum In Se {rN+ Will- Int+4 Necro}
 58863 | Vaults:5 | Paralysed by a sphinx for 4 turns
 59209 | Vaults:5 | Reached XP level 24. HP: 217/220 MP: 34/34
 59220 | Vaults:5 | Found Hesum's Armour Shop.
 59576 | Vaults:5 | Noticed a dread lich
 59580 | Vaults:5 | Killed a dread lich
 59637 | Vaults:5 | Noticed a dread lich
 59641 | Vaults:5 | Killed a dread lich
 60077 | Vaults:5 | Got the Encyclopedia of the Vector
 60256 | Vaults:5 | Found Vujaorr's Antique Armour Emporium.
 60369 | Vaults:5 | Identified the +12 plate armour of Cal Pump {rElec Str+5}
 60423 | Vaults:5 | Got a silver rune of Zot
 60454 | Vaults:5 | Found Xoaplirph's Magic Scroll Emporium.
 60459 | Vaults:5 | Bought a scroll of fear for 56 gold pieces
 60459 | Vaults:5 | Bought a scroll of teleportation for 42 gold pieces
 60459 | Vaults:5 | Bought a scroll of silence for 133 gold pieces
 60547 | Vaults:5 | Found Ygeonyll's Distillery.
 60555 | Vaults:5 | Bought a potion of curing for 33 gold pieces
 60555 | Vaults:5 | Bought a potion of resistance for 110 gold pieces
 60555 | Vaults:5 | Bought a potion of curing for 33 gold pieces
 60555 | Vaults:5 | Bought a potion of heal wounds for 55 gold pieces
 60555 | Vaults:5 | Bought a potion of haste for 110 gold pieces
 60555 | Vaults:5 | Bought a potion of ambrosia for 88 gold pieces
 61053 | Crypt:1  | Entered Level 1 of the Crypt
 61265 | Crypt:1  | Noticed Jory
 61277 | Crypt:1  | Killed Jory
 61515 | Crypt:1  | Identified the ring of Uskayaw's Castigation {Ice Dex+3
                  | Stlth+}
 61515 | Crypt:1  | Noticed Josephina
 61527 | Crypt:1  | Killed Josephina
 62043 | Crypt:1  | Noticed Donald
 62051 | Crypt:1  | Killed Donald
 62320 | Crypt:2  | Reached skill level 15 in Fighting
 62980 | Crypt:2  | Noticed Xtahua
 62990 | Crypt:2  | Killed Xtahua
 63117 | Crypt:3  | Entered Level 3 of the Crypt
 63222 | Crypt:2  | Found a basalt altar of Yredelemnul.
 63226 | Crypt:2  | Got Ykutah's Codex of Turbulence
 63682 | Crypt:3  | Found a basalt altar of Yredelemnul.
 63683 | Crypt:3  | Noticed an ancient lich
 63693 | Crypt:3  | Killed an ancient lich
 63694 | Crypt:3  | Reached XP level 25. HP: 237/237 MP: 34/34
 63739 | Crypt:3  | Identified the +10 sling "Starlight" {antimagic, ^Fragile
                  | +Blink rF+++ Int+3}
 63952 | Crypt:3  | Found a staircase to the Tomb.
 63962 | Crypt:3  | Identified the granite talisman of Negligence {Will+ rCorr
                  | Stlth-}
 64337 | Crypt:3  | Identified the staff of the Shrike {rF- rN+ Str+7 Dex-2
                  | Necro Ice}
 64352 | Crypt:3  | Lost mutation: You occasionally lose the ability to drink
                  | potions when taking damage. [potion of mutation]
 64352 | Crypt:3  | Lost mutation: You are robust. (+10% HP) [potion of
                  | mutation]
 64352 | Crypt:3  | Gained mutation: You are agile. (Dex +4, Str/Int -1)
                  | [potion of mutation]
 64352 | Crypt:3  | Gained mutation: Your magical capacity is low. (-10% MP)
                  | [potion of mutation]
 64352 | Crypt:3  | Gained mutation: You have a somewhat thin skeletal
                  | structure. (Dex +2, Stealth+) [potion of mutation]
 65354 | Zot:1    | You are sucked into a shaft and drop 1 floor!
 65632 | Zot:2    | Noticed Vv
 65655 | Zot:2    | Killed Vv
 66883 | Zot:3    | Identified the ring "Qoopokaes" {Ice rElec rCorr Int+2}
 67060 | Zot:3    | Noticed an orb of fire
 67071 | Zot:3    | Killed an orb of fire
 67113 | Zot:3    | Reached XP level 26. HP: 232/232 MP: 32/32
 67349 | Zot:4    | Noticed an ancient lich
 67428 | Zot:4    | Killed an ancient lich
 68543 | Zot:5    | Entered Level 5 of the Realm of Zot
 68547 | Zot:5    | Noticed an ancient lich
 69434 | Pan      | Entered Pandemonium
 69434 | Pan      | Found an exit through the horrors of the Abyss.
 69742 | Pan      | Found a transporter.
 69742 | Pan      | Found a transporter.
 70256 | Pan      | Identified the ring "Ponnoidi" {rElec rF- MP+9 Int-5
                  | Stlth+}
 70262 | Pan      | Identified the +0 pair of gloves of Satisfaction {+Inv
                  | rElec Regen+ Int+2}
 70609 | Pan      | Reached XP level 27. HP: 197/248 MP: 33/33
 71024 | Pan      | Found a white marble altar of Elyvilon.
 72462 | Pan      | Found a glowing silver altar of Zin.
 73006 | Pan      | Identified the +0 tower shield of the Skiapode {Fly Int-5
                  | SInv Stlth+}
 73925 | Pan      | Identified the +6 great mace of the Curious Continents
                  | {holy, rF+ rC- Str+2 Stlth+}
 73925 | Pan      | Identified the ring of Rymahif {rPois Will+ EV+5 Str+3
                  | Stlth-}
 73925 | Pan      | Noticed a seraph
 73937 | Pan      | Killed a seraph
 73942 | Pan      | Found a glowing golden altar of the Shining One.
 74074 | Pan      | Identified the amulet of Iklyskopt {Spirit +Blink rPois}
 74087 | Pan      | Got a demonic rune of Zot
 74090 | Pan      | Got the Grimoire of Blasts
 74180 | Depths:2 | Escaped Pandemonium
 74187 | Pan      | Entered Pandemonium
 74289 | Pan      | Entered the realm of Lom Lobon.
 74289 | Pan      | Noticed Lom Lobon
 74303 | Pan      | Killed Lom Lobon
 74352 | Pan      | Got a magical rune of Zot
 74773 | Pan      | Noticed Menkunac the pandemonium lord
 74782 | Pan      | Killed Menkunac the pandemonium lord
 74786 | Pan      | Noticed Ignacio
 74792 | Pan      | Killed Ignacio
 75054 | Pan      | Noticed Emotygg the pandemonium lord
 75062 | Pan      | Killed Emotygg the pandemonium lord
 75173 | Pan      | Reached skill level 27 in Dodging
 75194 | Pan      | Entered the realm of Cerebov.
 75877 | Pan      | Found the +6 sword of Cerebov {flame}
 75877 | Pan      | Noticed Cerebov
 75909 | Pan      | Identified the +6 scimitar of Ziuchal {heavy, rN+ Str+3}
 75917 | Pan      | Killed Cerebov
 75971 | Pan      | Identified the +11 crystal plate armour of Terror {Harm}
 75976 | Pan      | Identified the staff "Loimnel" {rElec rF+ Air}
 76020 | Pan      | Identified the +0 quarterstaff of Xom's Hope {drain, rPois
                  | rN+}
 76058 | Pan      | Identified the staff of the Haunted God {rC+ Fire Ice}
 76086 | Pan      | Identified the +1 spear "Pasid" {heavy, Dex+3}
 76095 | Pan      | Identified the scarf "Hihemo" {harm, Regen+ Int+3}
 76238 | Pan      | Got a fiery rune of Zot
 76440 | Pan      | Entered the realm of Mnoleg.
 76767 | Pan      | Noticed Mnoleg
 76794 | Pan      | Killed Mnoleg
 76964 | Pan      | Got a glowing rune of Zot
 77147 | Pan      | Noticed Mennas
 77156 | Pan      | Killed Mennas
 77346 | Pan      | Reached skill level 27 in Fighting
 77494 | Pan      | Found an exit through the horrors of the Abyss.
 77585 | Pan      | Entered the realm of Gloorx Vloq.
 78173 | Pan      | Noticed Gloorx Vloq
 78175 | Pan      | Killed Gloorx Vloq
 78190 | Pan      | Got a dark rune of Zot
 78260 | Pan      | Noticed Juanlaoc the pandemonium lord
 78382 | Depths:2 | Escaped Pandemonium
 78448 | Hell     | Entered the Vestibule of Hell
 78455 | Hell     | Noticed Geryon
 78474 | Hell     | Killed Geryon
 78775 | Hell     | Found a gateway to the freezing wastes of Cocytus.
 78833 | Hell     | Found a gateway to the Iron City of Dis.
 78948 | Hell     | Found a gateway to the ashen valley of Gehenna.
 79044 | Hell     | Found a gateway to the decaying netherworld of Tartarus.
 79105 | Dis:1    | Entered Level 1 of the Iron City of Dis
 79106 | Dis:1    | Noticed a juggernaut
 79113 | Dis:1    | Noticed a juggernaut
 79114 | Dis:1    | Killed a juggernaut
 79118 | Dis:1    | Killed a juggernaut
 79118 | Dis:1    | Noticed a juggernaut
 79135 | Dis:1    | Killed a juggernaut
 79139 | Dis:1    | Noticed a juggernaut
 79161 | Dis:1    | Killed a juggernaut
 79300 | Dis:1    | Noticed a juggernaut
 79314 | Dis:1    | Killed a juggernaut
 79448 | Dis:2    | You fall into a shaft and drop 1 floor!
 79453 | Dis:3    | Noticed an ancient lich
 79460 | Dis:3    | Killed an ancient lich
 79504 | Dis:3    | Killed from afar by an iron giant

Illustrated notes

Levels and vault maps discovered:
D:1:      dpeg_arrival_rhombus, layout_rooms
D:2:      layout_basic, basic_altar, hellmonk_ecumenical_altar_crossroads,
          kennysheep_another_room
D:3:      layout_basic, kennysheep_generic_room_12
D:4:      layout_rooms, uniq_edmund
D:5:      layout_basic, bloody_trog, temple_green,
          hangedman_abyss_or_decor_stagger, uniq_duvessa
D:6:      layout_gridville, mainiacjoe_overflow_chevrons, slow_altar_1,
          lemuel_blue_sif_altar, nicolae_ru_path_of_blood, kennysheep_boxes
D:7:      layout_loops_ring, amcnicky_altar_gilded, serial_rivers,
          chequers_serial_rivers_small_b, chequers_serial_rivers_micro_a,
          chequers_serial_rivers_marsh, chequers_serial_rivers_small_3,
          uniq_menkaure, uniq_pikel
D:8:      layout_basic, lemuel_round_altar, nicolae_qazlal_style_of_elements,
          nemelex_xobeh_ov_fountains_minmay,
          mainiacjoe_overflow_small_starburst, nicolae_wu_jian_wuxing_cycle,
          nicolae_overflow_hidden_temple, minivault_27
D:9:      layout_rooms, nicolae_elyvilon_temple_path, fedhas_ov_isle_minmay,
          tso_metal_star, enter_bailey_5, gammafunk_ghost_necromancy
D:10:     layout_long_grid, serial_undead, serial_undead_c, serial_undead_a,
          serial_undead_a, serial_undead_a
D:11:     layout_rooms, dpeg_oklobed_lair,
          kennysheep_orc_monster_closet_entryway, serial_shops,
          nicolae_shop_rolling_square, kennysheep_mini_moat,
          nicolae_shop_real_fake_doors, gauntlet_entry_generic,
          nicolae_figureground_pulse
D:12:     layout_long_grid
D:13:     layout_big_octagon, ximxim_vaults_locker_room, uniq_rupert
D:14:     layout_irregular_city, serial_bayou_lagoon_a
D:15:     grunt_enter_depths_hoard, layout_loops_ring
Temple:   nicolae_temple_bog_church
Lair:1:   layout_roguey, minivault_27, grunt_megastairs_3, serial_bayou_shore_a,
          uniq_nergalle, uniq_amaemon
Lair:2:   gammafunk_indiana_jones, layout_regular_city,
          skrybe_swamp_entry_bodies, spider_nest_entry_webs,
          ebering_ghost_reflecting_pool, lemuel_fruit_tree, uniq_maggie
Lair:3:   layout_misc_corridors, beast_lair_carwin_8, grunt_megastairs_5,
          serial_bayou_shore_b
Lair:4:   layout_layer_cave
Lair:5:   cheibrodos_lair_end_hotspot, layout_loops_ring, slime_entry_1,
          portal_ice_cave_entry_ice_simulacra, chequers_serial_rivers_large_a
Swamp:1:  bobbens_index_wilting_gardens, layout_basic_swamp,
          evilmike_swamp_ruin_house_6
Swamp:2:  layout_falls_marsh, evilmike_swamp_ruin_house_5, swamp_pool_1_2,
          nicolae_swamp_baby_hydras
Swamp:3:  layout_basic_swamp, evilmike_swamp_ruin_rubble_1, swamp_pool_1_2,
          infiniplex_staircase_pool_2, uniq_roxanne
Swamp:4:  swamp, layout_basic_swamp
Spider:1: layout_spider_delve
Spider:2: layout_spider_delve, gammafunk_ghost_tricky_traps,
          nicolae_spider_bzzzt
Spider:3: layout_spider_delve, hellmonk_narrow_tunnel
Spider:4: johnstein_spider_rune_arachne_lair, nicolae_spider_nooks_and_crannies
Slime:1:  layout_caves
Slime:2:  layout_caves
Slime:3:  layout_caves
Slime:4:  layout_caves
Slime:5:  slime_pit_nicolae_inversion
Orc:1:    layout_diamond_mine, minmay_orc_treasury
Orc:2:    hellmonk_orc_salted, layout_diamond_mine, basic_altar,
          nicolae_volcano_entry_s_turn, einodemon_armed_red_devil_minivault
Elf:1:    layout_geoelf_diagonals, minmay_elf_annihilation, uniq_zenata
Elf:2:    nicolae_elf_blades_crystal_corner, layout_geoelf_diagonals,
          minmay_elf_demonology
Elf:3:    elf_hall_gauntlet_narrow, layout_geoelf_octagon, minivault_19,
          uniq_louise
Vaults:1: v_alt_pattern_6, nicolae_vaults_stairing_the_circle,
          nicolae_vaults_house_1, hangedman_vaults_slither, vaults_room_fours,
          nicolae_vaults_spaceships, v_misc_8, nicolae_vaults_apartment_1,
          v_pattern_4, layout_vaults_ring
Vaults:2: hangedman_vaults_stitches, grunt_vaults_funnel,
          hangedman_vaults_stagger, nicolae_vaults_circle_grid_a,
          grunt_vaults_focal, nicolae_vaults_shelves_hall,
          layout_vaults_big_room, serial_shops, shop_fountains
Vaults:3: nicolae_vaults_sightless_eye, minmay_crypt_entry_simple_corners,
          nicolae_vaults_security_offices_5, vaults_room_hallway,
          grunt_vaults_swirl, nicolae_vaults_sesquioval_fish,
          grunt_vaults_trifunnel, v_misc_2,
          nicolae_vaults_taking_the_gang_shopping, vaults_dpeg_ring,
          hangedman_vaults_impose, layout_vaults_omnicross,
          nicolae_trove_entry_isolated
Vaults:4: nicolae_vaults_tangram_2, nicolae_vaults_ring_of_whatevers,
          nicolae_vaults_storage_room_doors, ontoclasm_vaults_gateway,
          vaults_mumra_minichess_inversion, v_misc_2, v_alt_pattern_1,
          hangedman_vaults_locks, vaults_dpeg_hooks, nicolae_vaults_big_ls,
          nicolae_vaults_prndl, nicolae_vaults_trapezoid_lopsided_1,
          nicolae_vaults_trapezoid_3, layout_vaults_maze_snakey
Vaults:5
Crypt:1:  layout_misc_corridors, grunt_crypt_arrival_split, grunt_megastairs_2,
          uniq_donald, uniq_josephina, uniq_jory
Crypt:2:  layout_chaotic_city, nicolae_crypt_knee_deep_in_the_dead,
          lemuel_upstairs_altar, uniq_xtahua, uniq_margery
Crypt:3:  cryptofortress_bobbens
Depths:1: layout_gridlike, nicolae_titane, hell_entry, hangedman_decor_points,
          kennysheep_small_square
Depths:2: minmay_swirls_squares, layout_gridlike, rand_demon_pan_entry_1,
          old_standard_altar, hell_entry
Depths:3: minmay_guarded_unrand_majin_bo, layout_gridville, enter_ziggurat_c,
          grunt_hell_entry_demonic_statue,
          nicolae_abyss_entry_one_way_or_another
Depths:4: grunt_profane_halls [grunt_zot_portal, grunt_profane_temple_coc,
          grunt_profane_temple_tar, grunt_profane_temple_geh,
          grunt_profane_temple_dis], hell_entry
Hell
Dis:1:    nicolae_hells_titanomachy
Dis:2:    layout_gridville, nicolae_dis_big_boring_drill
Dis:3:    layout_gridville
Zot:1:    layout_misc_corridors
Zot:2:    layout_misc_corridors, grunt_ministairs_10, st_stairs_13,
          regret_index_zotdec_banners, uniq_vv
Zot:3:    layout_twisted_circle
Zot:4:    ebering_klown_carousel, layout_onion_interference, grunt_megastairs_1
Zot:5:    layout_gridville

Skill      XL: |  1  2  3  4  5  6  7  8  9 10 11 12 13 14 15 16 17 18 19 20 21 22 23 24 25 26 27 |
---------------+----------------------------------------------------------------------------------+-----
Fighting       | 2 3 4 5 8 11 13 15 18 20 27 | 27.0
Unarmed Combat | 4 5 6 7 8 10 12 14 15 16 17 19 22 23 25 | 25.9
Shapeshifting  | 4 5 6 7 8 9 10 11 13 14 15 16 17 18 20 21 23 24 | 24.0
Dodging        | 3 5 6 8 9 11 12 14 15 16 18 19 20 22 23 24 25 27 | 27.0
Invocations    | 6 9 12 14 15 18 20 21 | 21.7
Evocations     | 5 9 |  9.0

Action                     |  1- 3 |  4- 6 |  7- 9 | 10-12 | 13-15 | 16-18 | 19-21 | 22-24 | 25-27 || total
---------------------------+-------+-------+-------+-------+-------+-------+-------+-------+-------++-------
  Melee: Unarmed           |    95 |   106 |   254 |   593 |  1439 |  1114 |  1207 |  1231 |  2554 ||  8593
         Tailslap          |     8 |    12 |    31 |   127 |   320 |   134 |   259 |   139 |   595 ||  1625
         Punch             |       |     2 |    11 |     5 |    28 |   102 |   161 |   203 |   596 ||  1108
         Constrict         |       |       |       |       |       |    47 |       |       |       ||    47
         Bite              |       |       |       |       |       |       |       |    55 |   444 ||   499
  Throw: Dart              |       |       |     1 |       |       |       |       |       |       ||     1
         Throwing net      |       |       |       |       |       |       |       |       |     1 ||     1
 Invoke: Line Pass         |       |       |       |       |     8 |     9 |     4 |     9 |    13 ||    43
         Stomp             |       |       |       |       |     1 |     8 |     3 |     4 |     2 ||    18
         Grand Finale      |       |       |       |       |       |     5 |     8 |    22 |    31 ||    66
Ability: Steam Breath      |       |       |     6 |     7 |     4 |     2 |       |       |       ||    19
         Blinkbolt         |       |       |       |       |       |       |       |    29 |     1 ||    30
         Siphon Essence    |       |       |       |       |       |       |       |     1 |     2 ||     3
  Evoke: Wand              |       |       |       |     7 |    11 |    13 |       |     4 |     1 ||    36
         Phantom mirror    |       |       |       |       |     1 |       |       |       |     1 ||     2
         Lightning rod     |       |       |       |       |     5 |     7 |       |     4 |       ||    16
         Phial of floods   |       |       |       |       |     1 |       |       |       |       ||     1
    Use: Potion            |       |     1 |       |     1 |     2 |     6 |     2 |     6 |     2 ||    20
         Scroll            |       |       |       |    19 |     7 |    10 |     2 |    12 |    13 ||    63
   Stab: Sleeping          |     2 |     1 |     1 |       |       |       |       |       |     2 ||     6
         Paralysed         |       |       |    12 |    27 |   130 |   112 |   153 |   151 |   331 ||   916
         Confused          |       |       |       |       |     6 |     4 |       |     4 |     8 ||    22
         Distracted        |       |       |       |       |       |     1 |       |       |     4 ||     5
 Armour: Skin              |    41 |    54 |   181 |   314 |   509 |  1111 |  1004 |   678 |   606 ||  4498
  Dodge: Dodged            |    78 |    56 |   169 |   427 |  1055 |  1540 |  1554 |  1396 |  2954 ||  9229
         Repelled          |       |       |       |       |       |       |    39 |    63 |    55 ||   157
   Form: Flux              |       |       |       |     1 |       |       |       |       |       ||     1
         Blade             |       |       |       |       |     1 |       |       |       |       ||     1
         Serpent           |       |       |       |       |       |     1 |       |       |       ||     1
         Statue            |       |       |       |       |       |     3 |       |     2 |       ||     5
                           |       |       |       |       |       |     2 |       |     2 |     2 ||     6
         Storm             |       |       |       |       |       |       |       |     3 |     1 ||     4
         Death             |       |       |       |       |       |       |       |     2 |     3 ||     5

Table legend: (Time is in decaauts)
 A = Elapsed time spent in this place.
 B = Non-inter-level travel time spent in this place.
 C = Inter-level travel time spent in this place.
 D = Time resting spent in this place.
 E = Time spent auto-exploring this place.
 F = Levels seen in this place.
 G = Mean time per level.
                   A        B        C        D        E       F      G
               +--------+--------+--------+--------+--------+-----+--------+
         Total |  85802 |  78816 |   6986 |   4913 |  55747 |  80 | 1072.5 |
       Dungeon |  15707 |  14041 |   1666 |    382 |  11275 |  15 | 1047.1 |
        Temple |     10 |     10 |      0 |      0 |      0 |   1 |   10.0 |
          Lair |   8123 |   7458 |    665 |    568 |   5568 |   5 | 1624.6 |
         Swamp |   6364 |   6093 |    271 |   1157 |   3884 |   4 | 1591.0 |
   Spider Nest |   8055 |   7571 |    484 |    250 |   5758 |   4 | 2013.8 |
    Slime Pits |   2185 |   2044 |    141 |    356 |   1139 |   5 |  437.0 |
  Orcish Mines |   3164 |   2973 |    191 |     41 |   2256 |   2 | 1582.0 |
   Elven Halls |   3719 |   3262 |    457 |     18 |   2542 |   3 | 1239.7 |
        Vaults |  10683 |   9512 |   1171 |    259 |   7424 |   5 | 2136.6 |
         Crypt |   3253 |   3011 |    242 |    101 |   1971 |   3 | 1084.3 |
        Depths |   8495 |   7343 |   1152 |    417 |   5207 |   4 | 2123.8 |
          Hell |    483 |    442 |     41 |      0 |    268 |   1 |  483.0 |
           Dis |    340 |    324 |     16 |      0 |    192 |   3 |  113.3 |
           Zot |   4071 |   3588 |    483 |     12 |   2578 |   5 |  814.2 |
   Pandemonium |   8275 |   8275 |      0 |    759 |   4197 |  15 |  551.7 |
         Trove |     50 |     50 |      0 |      0 |      5 |   1 |   50.0 |
        Bailey |    356 |    356 |      0 |      0 |    285 |   1 |  356.0 |
      Ice Cave |   1321 |   1321 |      0 |    301 |    698 |   1 | 1321.0 |
       Volcano |    538 |    538 |      0 |     15 |    410 |   1 |  538.0 |
      Gauntlet |    602 |    602 |      0 |    273 |     84 |   1 |  602.0 |
               +--------+--------+--------+--------+--------+-----+--------+

Top non-repeatable levels by time:
Spider:4: 3153 daAuts
Vaults:4: 2780 daAuts
Depths:4: 2622 daAuts
 Swamp:1: 2576 daAuts
Depths:2: 2534 daAuts
  Lair:2: 2411 daAuts
Spider:3: 2393 daAuts
Vaults:3: 2329 daAuts
Vaults:1: 2311 daAuts
Depths:1: 2039 daAuts
  Lair:5: 2008 daAuts
 Swamp:3: 1811 daAuts
   Orc:2: 1725 daAuts
   Elf:3: 1700 daAuts
Vaults:5: 1679 daAuts
